AoeStats
← Fenix

Arabia

509762399Analyzed
4v4 RM · 5d ago on Sep 27, 2026· 49m 35s· 8 players
Game mode
Random Map
Map size
Large (8 player)
Population
200
Speed
Normal
Resources
Standard
Victory
Conquest
Starting age
Dark Age
Ending age
Imperial Age
RankedLock teamsTeams togetherTeam positionsShared explorationLock speedFull tech treeHidden civsTurbo modeCheats
Victory
Defeat
🇻🇪 Romans · Venezuela
1504
+10
🇺🇸 Slavs · United States
1438
+13
🇨🇴 Ethiopians · Colombia
1338
+17
🇻🇪 Persians · Venezuela
1191
+24
🇵🇪 Varangians · Peru
1393
-17
🇦🇷 Poles · Argentina
1380
-17
🇦🇷 Britons · Argentina
1353
-15
🇺🇸 Ethiopians · United States
1336
-15
MochaHook90
5:37 Loom
9:14 Feudal Age
14:33 Fletching
18:37 Padded Archer Armor
23:36 Castle Age
22:31 Gold Mining
23:38 Crossbowman
24:14 Bodkin Arrow
26:40 Leather Archer Armor
31:30 Wheelbarrow
35:06 Ballistics
49:15 Imperial Age
bigapple334
7:12 Loom
9:35 Feudal Age
10:01 Double-Bit Axe
10:07 Horse Collar
18:50 Castle Age
16:53 Gold Mining
17:47 Scale Barding Armor
19:45 Heavy Plow
20:08 Husbandry
22:13 Chain Barding Armor
26:08 Wheelbarrow
31:02 Imperial Age
30:02 Szlachta Privileges
30:57 Bloodlines
31:56 Forging
31:13 Cavalier
33:12 Iron Casting
34:56 Blast Furnace
43:35 Crop Rotation
45:37 Conscription
47:27 Fletching
47:38 Scale Mail Armor
Fenix
6:47 Loom
9:15 Feudal Age
9:45 Double-Bit Axe
10:04 Horse Collar
14:14 Bloodlines
19:46 Scale Barding Armor
22:35 Castle Age
21:17 Gold Mining
22:11 Forging
24:05 Iron Casting
23:20 Light Cavalry
32:01 Chain Barding Armor
32:05 Husbandry
35:36 Wheelbarrow
46:38 Imperial Age
46:44 Cavalier
48:01 Plate Barding Armor
Dragón-Malo
2:26 Loom
10:54 Feudal Age
11:38 Double-Bit Axe
16:46 Fletching
17:28 Padded Archer Armor
22:32 Castle Age
22:39 Wheelbarrow
22:09 Horse Collar
22:34 Crossbowman
23:11 Bodkin Arrow
24:20 Leather Archer Armor
24:05 Gold Mining
25:38 Thumb Ring
30:12 Ballistics
38:09 Hand Cart
42:59 Gold Shaft Mining
ToTi
6:17 Loom
9:09 Feudal Age
9:48 Double-Bit Axe
11:45 Scale Barding Armor
18:18 Wheelbarrow
21:57 Castle Age
19:52 Gold Mining
20:27 Bloodlines
22:59 Chain Barding Armor
22:44 Husbandry
23:02 Forging
24:09 Gold Shaft Mining
23:35 Horse Collar
25:42 Bow Saw
38:43 Hand Cart
42:38 Imperial Age
40:54 Fletching
41:07 Heavy Plow
42:24 Iron Casting
43:56 Plate Barding Armor
42:42 Cavalier
44:08 Conscription
44:23 Crop Rotation
45:29 Blast Furnace
44:32 Light Cavalry
49:15 Two-Man Saw
48:29 Detinets
48:33 Town Watch
49:31 Bodkin Arrow
Tete
6:18 Loom
8:48 Feudal Age
8:56 Man-at-Arms
9:38 Double-Bit Axe
13:11 Horse Collar
13:53 Fletching
17:01 Padded Archer Armor
24:44 Castle Age
24:45 Crossbowman
25:28 Bodkin Arrow
27:55 Ballistics
35:12 Wheelbarrow
34:48 Bow Saw
37:01 Leather Archer Armor
38:18 Hand Cart
41:41 Imperial Age
40:02 Town Watch
40:08 Gold Mining
40:19 Heavy Plow
42:40 Gold Shaft Mining
41:56 Stone Mining
43:31 Chemistry
42:01 Heavy Scorpion
44:20 Conscription
48:30 Pikeman
49:11 Squires
49:08 Halberdier
49:49 Scale Mail Armor
50:00 Forging
tat0
3:40 Loom
4:19 Loom
10:16 Feudal Age
10:54 Double-Bit Axe
13:48 Fletching
13:58 Padded Archer Armor
24:38 Castle Age
24:38 Crossbowman
25:17 Bodkin Arrow
28:46 Leather Archer Armor
30:02 Gold Mining
30:02 Stone Mining
32:36 Ballistics
35:41 Gold Shaft Mining
34:56 Stone Mining
37:25 Thumb Ring
LeCoque
6:43 Loom
9:17 Feudal Age
16:19 Wheelbarrow
20:08 Castle Age
19:14 Bloodlines
19:10 Scale Barding Armor
19:45 Forging
21:33 Chain Barding Armor
23:44 Iron Casting
30:00 Husbandry
32:32 Town Watch
39:37 Imperial Age
39:16 Heavy Camel Rider
50:36 Blast Furnace
Connection lost

Rejoining the realm…

Still unreachable

The connection could not be restored.

Session expired

The server has moved on; the page needs a fresh start.